 Dungeon Crawl Stone Soup version 0.27-a0-906-g0a00ce8 (webtiles) character file.

Game seed: 713452811615373669

260 Nithhogg the Skirmisher (level 5, -10/42 HPs)
             Began as a Demonspawn Fighter on Apr 7, 2021.
             Mangled by an ogre
             ... wielding a +0 giant club
              (14 damage)
             ... on level 4 of the Dungeon.
             The game lasted 00:04:17 (3228 turns).

Nithhogg the Skirmisher (Demonspawn Fighter)        Turns: 3228, Time: 00:04:17

Health: -10/42     AC:  6    Str: 17    XL:     5   Next: 95%
Magic:  6/6        EV:  7    Int: 10    God:
Gold:   169        SH: 14    Dex: 12    Spells: 4/4 levels left

rFire    . . .     SeeInvis .   a - +0 long sword
rCold    . . .     Faith    .   c - +0 kite shield
rNeg     . . .     Spirit   .   b - +0 scale mail
rPois    .         Reflect  +   (helmet restricted)
rElec    .         Harm     .   (no cloak)
rCorr    .         Rampage  .   (no gloves)
Will     .....                  (no boots)
Stlth    ..........             i - amulet of reflection
HPRegen  0.14/turn              (no ring)
MPRegen  0.10/turn              (no ring)

@: no status effects
A: antennae 1, spiny 1
a: no special abilities


You were on level 4 of the Dungeon.
You visited 1 branch of the dungeon, and saw 4 of its levels.

You collected 169 gold pieces.

Inventory:

Hand Weapons
 a - a +0 long sword (weapon)
Armour
 b - a +0 scale mail (worn)
 c - a +0 kite shield (worn)
Jewellery
 i - an amulet of reflection (around neck)
Wands
 d - a wand of flame (2)
Scrolls
 g - 7 scrolls of identify {unknown}
 h - a scroll of magic mapping {unknown}
 k - 2 scrolls of amnesia {unknown}
 m - a scroll of noise {unknown}
 p - a scroll of teleportation {unknown}
Potions
 e - a potion of attraction {unknown}
 f - a potion of invisibility {unknown}
 j - 3 potions of heal wounds {unknown}
 l - a potion of curing {unknown}
 n - a potion of flight {unknown}
 o - a potion of cancellation {unknown}
 q - a potion of mutation {unknown}


   Skills:
 + Level 3.8 Fighting
 + Level 2.8 Long Blades
 + Level 3.5 Armour
 + Level 1.9 Dodging
 + Level 3.5 Shields
 + Level 2.6 Invocations


You had 4 spell levels left.
You didn't know any spells.
Your spell library contained the following spells:

 Spells                   Type           Power      Damage    Failure   Level
 Beastly Appendage        Tmut           0%         N/A       99%         1
 Magic Dart               Conj           0%         1d3       99%         1
 Blink                    Tloc           N/A        N/A       100%        2
 Call Imp                 Summ           0%         N/A       100%        2
 Slow                     Hex            0%         N/A       100%        2
 Wereblood                Tmut           0%         N/A       100%        2
 Conjure Flame            Conj/Fire      0%         6-21      100%        3
 Mephitic Cloud           Conj/Pois/Air  0%         N/A       100%        3
 Spider Form              Tmut/Pois      0%         N/A       100%        3
 Ice Form                 Ice/Tmut       0%         N/A       100%        4
 Hydra Form               Tmut           0%         N/A       100%        5


Dungeon Overview and Level Annotations

Branches:
Dungeon (4/15)
 Temple: D:4-7

Altars:


Innate Abilities, Weirdness & Mutations

You have a pair of small antennae on your head.
You are partially covered in sharp spines.


Message History

You block the hobgoblin's attack.
You hit the hobgoblin.
The hobgoblin is severely wounded.
You block the hobgoblin's attack.
Your unstable footing causes you to fumble your attack.
The hobgoblin hits you but does no damage.
The hobgoblin closely misses you.
You hit the hobgoblin.
You kill the hobgoblin!
No target in view!
No target in view!
No target in view!
No target in view!
No target in view!
No target in view!
p - a scroll labelled GESSEN JOETAE
q - a white potion
There is an open door here.
An ogre comes into view. It is wielding a +0 giant club.
The ogre shouts!
An ogre is nearby!
You slash the ogre!
The ogre is moderately wounded.
You block the ogre's attack.
You hit the ogre.
The ogre is moderately wounded.
The ogre is struck by your spines.
The ogre hits you with a +0 giant club!!
You hit the ogre but do no damage.
The ogre is heavily wounded.
You block the ogre's attack.
Your shield prevents you from hitting the ogre.
The ogre is heavily wounded.
The ogre barely misses you.
You slash the ogre!
The ogre is almost dead.
The ogre hits you with a +0 giant club!!
* * * LOW HITPOINT WARNING * * *
The ogre hits you with a +0 giant club!
You die...

##≈≈≈....≈≈##.#...>....#
###≈≈≈.≈≈##..........##
...####'####.##.......##
#..........#.###.....###
#..######....#........##
.... #.#...........##
#... ###.#...#.......##
#....#.......#......###
#....@####....#....###
###..O# #...#####..#.
#..?.. ....# ###...
...#...# #....###.<..#
###.#.#.# #............
. .. .. ####.##..#... ..
## ##.####.##.##... .#
.............#
.#.........###


You could see an ogre.

Vanquished Creatures
  A centaur (D:4)
  An orc priest (D:3)
  Robin (D:4)
  5 adders
  An adder skeleton (D:4)
  3 dart slugs
  5 orcs
  6 endoplasms
  4 giant cockroaches
  10 goblins
  11 hobgoblins
  9 jackals (D:3)
  A quokka (D:3)
  8 ball pythons
  4 bats
  3 frilled lizards
  5 kobolds
  3 rats (D:2)
81 creatures vanquished.

Notes
Turn   | Place    | Note
-------+----------+-------------------------------------------
     0 | D:1      | Nithhogg the Demonspawn Fighter began the quest for the
                  | Orb.
     0 | D:1      | Reached XP level 1. HP: 18/18 MP: 1/1
   266 | D:1      | Gained mutation: You are partially covered in sharp spines.
                  | [demonic ancestry]
   266 | D:1      | Reached XP level 2. HP: 24/24 MP: 2/2
   823 | D:2      | Reached skill level 1 in Invocations
   843 | D:2      | Found a faded altar of an unknown god.
   985 | D:2      | Gained mutation: You have a pair of small antennae on your
                  | head. [demonic ancestry]
   985 | D:2      | Reached XP level 3. HP: 29/29 MP: 3/3
  1568 | D:3      | Reached skill level 1 in Dodging
  1864 | D:3      | Reached XP level 4. HP: 16/35 MP: 5/5
  2533 | D:4      | Noticed Robin
  2557 | D:4      | Reached XP level 5. HP: 34/41 MP: 6/6
  2722 | D:4      | Killed Robin
  2999 | D:4      | Noticed a centaur
  3005 | D:4      | Killed a centaur
  3222 | D:4      | Noticed an ogre
  3228 | D:4      | Mangled by an ogre

Illustrated notes

Levels and vault maps discovered:
D:1:      mrwooster_arrival_statue_3, layout_rooms
D:2:      kennysheep_six_static_rooms, layout_loops_ring, serial_glass,
          glass_columns_a, glass_columns_a, glass_columns_b, glass_columns_a,
          glass_columns_a, shapermc_ecumenical_altar_flowoftime,
          kennysheep_cross_room, eino_tiny_chamber
D:3:      layout_loops_ring
D:4:      layout_rooms, kennysheep_potato, uniq_robin

Skill      XL: |  1  2  3  4 |
---------------+-------------+-----
Long Blades    | 2 |  2.8
Invocations    | 1 2 |  2.6
Armour         | 3 |  3.5
Shields        | 3 |  3.5
Dodging        | 1 |  1.9
Fighting       | |  3.8

Action                   |  1- 3 |  4- 6 || total
-------------------------+-------+-------++-------
Melee: Long sword        |   103 |   100 ||   203
  Use: Potion            |     1 |       ||     1
Armor: Scale mail        |    31 |    38 ||    69
Dodge: Dodged            |    31 |    24 ||    55
Block: Kite shield       |    81 |   109 ||   190
       Reflection        |       |    11 ||    11
       Rpst.: Long sword |    11 |     9 ||    20

Table legend: (Time is in decaauts)
 A = Elapsed time spent in this place.
 B = Non-inter-level travel time spent in this place.
 C = Inter-level travel time spent in this place.
 D = Time resting spent in this place.
 E = Time spent auto-exploring this place.
 F = Levels seen in this place.
 G = Mean time per level.
                   A        B        C        D        E       F      G
               +--------+--------+--------+--------+--------+-----+--------+
         Total |   3338 |   3272 |     66 |    370 |   2321 |   4 |  834.5 |
       Dungeon |   3338 |   3272 |     66 |    370 |   2321 |   4 |  834.5 |
               +--------+--------+--------+--------+--------+-----+--------+

Top non-repeatable levels by time:
     D:3: 1510 daAuts
     D:2: 911 daAuts
     D:1: 573 daAuts
     D:4: 342 daAuts
